 Dungeon Crawl Stone Soup version 0.25-a0-697-g890751e744 (webtiles) character file.

Game seed: 8236549602359450369, levelgen mode: deterministic

7 Armakuni the Skirmisher (level 2, 0/20 HPs)
             Began as a Kobold Wanderer on Mar 31, 2020.
             Slain by a goblin (2 damage)
             ... on level 1 of the Dungeon.
             The game lasted 00:01:14 (105 turns).

Armakuni the Skirmisher (Kobold Wanderer)            Turns: 105, Time: 00:01:14

Health: 0/20       AC:  2    Str: 14    XL:     2   Next: 10%
Magic:  2/2        EV: 12    Int: 12    God:
Gold:   24         SH:  4    Dex: 10    Spells: 1/1 levels left

rFire    + . .     SeeInvis .   a - +0 club
rCold    . . .     Gourm    .   d - +0 buckler
rNeg     . . .     Faith    .   e - +0 robe
rPois    .         Spirit   .   h - +0 hat
rElec    .         Reflect  .   (no cloak)
rCorr    .         Harm     .   (no gloves)
MR       .....                  (no boots)
Stlth    ++........             (no amulet)
HPRegen  0.06/turn              F - ring of protection from fire
MPRegen  0.08/turn              (no ring)

@: flying
A: small, carnivore
a: no special abilities


You were on level 1 of the Dungeon.
You were full.

You visited 1 branch of the dungeon, and saw 1 of its levels.

You collected 24 gold pieces.

Inventory:

Hand Weapons
 a - a +0 club (weapon)
Armour
 d - a +0 buckler (worn)
 e - a +0 robe (worn)
 h - a +0 hat (worn)
Jewellery
 F - a ring of protection from fire (left hand)
Scrolls
 c - a scroll of teleportation
 f - a scroll of blinking
Comestibles
 g - 2 rations


   Skills:
 + Level 3.9 Fighting
   Level 1.7 Staves
 - Level 1.3 Stealth
 - Level 1.0 Shields
 - Level 2.0 Unarmed Combat
   Level 1.2 Evocations


You had one spell level left.
You didn't know any spells.
Your spell library was empty.

Dungeon Overview and Level Annotations

Branches:
Dungeon (1/15)

Altars:


Innate Abilities, Weirdness & Mutations

You are small and have problems with some larger weapons.
You are carnivorous and can eat meat at any time.


Message History

The jackal bites you. The jackal completely misses you. The jackal bites you.
You closely miss the jackal.
The jackal is severely wounded.
The jackal completely misses you. The jackal bites you. x2
* * * LOW HITPOINT WARNING * * *
You block the jackal's attack.
You hit the jackal.
You kill the jackal!
You block the jackal's attack. The jackal barely misses you.
The goblin hits you.
* * * LOW HITPOINT WARNING * * *
You hit the goblin.
The goblin is moderately wounded.
You block the jackal's attack. The goblin barely misses you.
The jackal barely misses you.
A bat comes into view.
It was a potion of flight.
You feel very buoyant.
You fly up into the air.
You block the jackal's attack. The goblin hits you.
You die...

.........##
#.#...#.. .###
#.#..... ..#
##.b...++++++.#
#...#..+....+.#
##......+..<.'..
###....(.h+....+..
#.h..#.#..+....+.#
#@#....##.+'+''+##
##g#.....†((.g...##
#......######÷.....
####...# #.........
#...# #.........
#...# #.........
#...# #.........
##### #####.....
#.....


You could see a jackal, a goblin and a bat.

Vanquished Creatures
  3 bats (D:1)
  A jackal (D:1)
  A kobold (D:1)
  A frilled lizard (D:1)
  A rat (D:1)
7 creatures vanquished.

Notes
Turn   | Place    | Note
-------+----------+-------------------------------------------
     0 | D:1      | Armakuni the Kobold Wanderer began the quest for the Orb.
     0 | D:1      | Armakuni set off with the following items: a +0 club, a
                  | potion of heal wounds, a scroll of teleportation, a +0
                  | buckler, a +0 robe, a scroll of blinking, a ration
     0 | D:1      | Reached XP level 1. HP: 14/14 MP: 1/1
    99 | D:1      | Reached XP level 2. HP: 1/20 MP: 2/2
   105 | D:1      | Slain by a goblin

Levels and vault maps discovered:
D:1:      lightli_arrival_maybe_door_vault, layout_rooms, minmay_cupped

Action                   || total
-------------------------++-------
Melee: Club              ||    32
  Use: Potion            ||     2
  Eat: Chunk             ||     3
Armor: Robe              ||     8
Dodge: Dodged            ||    32
Block: Buckler           ||    14

Table legend:
 A = Non-vault XP
 B = Vault XP
 C = Vault XP percentage of total XP
 D = Non-vault monster count
 E = Vault monster count
 F = Vault count percentage of total count
                 A         B        C        D         E       F
            +---------+---------+-------+---------+---------+-------
      Total |      11 |       0 |   0.0 |       7 |       0 |   0.0
            +---------+---------+-------+---------+---------+-------
        D:1 |      11 |       0 |   0.0 |       7 |       0 |   0.0
            +---------+---------+-------+---------+---------+-------
